 Dungeon Crawl Stone Soup version 0.31.0-11-ge490571c62 (webtiles) character file.

Game seed: 9872363973537343217

450 croobank the Caller (level 7, -3/45 HPs)
             Began as an Octopode Summoner on Feb 1, 2024.
             Was an Initiate of Ashenzari.
             Slain by an ice beast (4 damage)
             ... on level 5 of the Dungeon.
             The game lasted 00:10:21 (4635 turns).

croobank the Caller (Octopode Summoner)             Turns: 4635, Time: 00:10:22

Health: -3/45      AC:  1    Str:  7    XL:     7   Next: 4%
Magic:  12/12      EV: 15    Int: 19    God:    Ashenzari [......]
Gold:   273        SH:  0    Dex: 19    Spells: 2/12 levels left

rFire   + + .        g - +7 great mace "Firestarter" {flame, immolate, rFlCloud rF++}
rCold   . . .        (shield currently unavailable)
rNeg    . . .        (helmet restricted)
rPois   .            (no amulet)
rElec   .            e - ring of the Eternal Negation {Dex+6, Fort, Range} (curse)
rCorr   .            h - ring of see invisible
SInv    +            (no ring)
Will    .....        (no ring)
Stlth   ++++         (no ring)
HPRegen 0.27/turn    (no ring)
MPRegen 0.13/turn    (no ring)
                     (no ring)

%: no passive effects
@: no status effects
A: almost no armour, amphibious, 8 rings, camouflage 1, gelatinous body 1,
(nimble swimmer 1), tentacles
a: Renounce Religion, Shatter the Chains


You were on level 5 of the Dungeon.
You worshipped Ashenzari.
Ashenzari was noncommittal.
You visited 2 branches of the dungeon, and saw 6 of its levels.

You collected 273 gold pieces.

Inventory:

Hand Weapons
 f - a +2 dagger of venom
 g - the +7 great mace "Firestarter" (weapon) {flame, immolate, rFlCloud rF++}
   (You found it on level 3 of the Dungeon)

   rFlCloud:  It grants immunity to clouds of flame.
   rF++:      It greatly protects you from fire.
 q - a +0 war axe
Missiles
 r - 6 poisoned darts
 u - 4 boomerangs
Jewellery
 e - the cursed ring of the Eternal Negation (left tentacle) {Dex+6, Fort, Range}
   (You found it on level 1 of the Dungeon)

   [ring of dexterity]

   Dex+6:     It affects your dexterity (+6).
   It has a curse which improves the following skills: Fortitude: Shields.
   Ranged Combat: Ranged Weapons and Throwing.
 h - a ring of see invisible (right tentacle)
Talismans
 o - a serpent talisman
Scrolls
 j - a scroll of noise {unknown}
 k - a scroll of immolation {unknown}
 l - 2 scrolls of teleportation {unknown}
 m - a scroll of revelation {unknown}
 p - a scroll of torment {unknown}
 v - a scroll of brand weapon {unknown}
 x - a scroll of vulnerability {unknown}
Potions
 a - 2 potions of magic
 b - 2 potions of resistance
 c - 2 potions of heal wounds
 d - 2 potions of brilliance {unknown}
 i - 2 potions of enlightenment {unknown}
 n - a potion of degeneration {unknown}
 s - 2 potions of haste {unknown}
 t - a potion of cancellation {unknown}
 w - 2 potions of curing {unknown}


   Skills:
 + Level 2.7 Fighting
 + Level 0.1 Maces & Flails
 + Level 3.6 Dodging
 + Level 5.1 Stealth
 + Level 3.3 Spellcasting
 + Level 5.1 Summonings
 + Level 0.1 Fire Magic


You had 2 spell levels left.
You knew the following spells:

 Your Spells              Type           Power      Damage    Failure   Level
a - Summon Small Mammal   Summ           88%        N/A       1%          1
b - Call Imp              Summ           44%        N/A       2%          2
c - Call Canine Familiar  Summ           22%        N/A       5%          3
d - Summon Blazeheart Go  Fire/Summ      13%        N/A       43%         4

Your spell library contained the following spells:

 Spells                   Type           Power      Damage    Failure   Level
 Freeze                   Ice            12%        1d3       14%         1
 Summon Ice Beast         Ice/Summ       12%        N/A       16%         3
 Frozen Ramparts          Ice            6%         1d1       41%         3
 Hailstorm                Conj/Ice       3%         3d5       41%         3
 Volatile Blastmotes      Fire/Tloc      6%         2d10      41%         3
 Summon Lightning Spire   Summ/Air       12%        N/A       45%         4
 Fulminant Prism          Conj/Alch      1%         3d5       82%         4
 Iskenderun's Mystic Bla  Conj/Tloc      3%         2d3       82%         4
 Sculpt Simulacrum        Ice/Alch       1%         N/A       100%        6


Dungeon Overview and Level Annotations

Branches:
Dungeon (5/15)             Temple (1/1) D:4

Altars:
Ashenzari
Cheibriados
Dithmenos
Elyvilon
Gozag
Hepliaklqana
Kikubaaqudgha
Makhleb
Qazlal
Ru
Sif Muna
Trog
Uskayaw
Xom
Yredelemnul
Zin
The Shining One


Innate Abilities, Weirdness & Mutations

You cannot wear most types of armour.
You are amphibious.
You can wear up to eight rings at the same time.
Your skin changes colour to match your surroundings (Stealth+).
Your rubbery body absorbs attacks. (AC +1, EV +1)
((You are camouflaged when in or above water. (Stealth+)))
You have tentacles for arms and can constrict up to eight enemies at once.


Message History

The jelly quivers.
Your cerulean imp hits the jelly from afar with a -2 spear.
The jelly hits your inugami.
Your inugami is splashed with acid.
The acid corrodes your inugami!
Your inugami hits the jelly!
Your inugami is burned by acid!
Your cerulean imp hits the jelly from afar with a -2 spear.
The jelly barely misses your inugami.
Your bat hits the jelly. The acid corrodes your bat!
Your bat is burned by acid!
Your bat dies!
Your bat's corpse disappears in a puff of smoke!
Your inugami hits the jelly!
The jelly dies!
You have reached level 7!
Your inugami is no longer covered in acid.
Your rat disappears in a puff of smoke!
Your cerulean imp disappears in a puff of smoke!
x - a scroll labelled VANLUI AWUTWOPP
Found a dagger.
Found a stone staircase leading down.
Found an escape hatch in the ceiling.
Your inugami disappears in a puff of smoke!
You now have 273 gold pieces (gained 7).
s - 2 murky amethyst potions (gained 1)
You enter the deep water.
An ice beast comes into view.
Found a cloak.
The helpless ice beast fails to defend itself.
You hit the ice beast but do no damage. The ice beast hits you.
The ice beast freezes you!
You sock the ice beast!
You melt the ice beast.
The ice beast is filled with an inner flame.
The ice beast is heavily wounded.
The ice beast hits you. The ice beast freezes you! The ice beast hits you.
* * * LOW HITPOINT WARNING * * *
The ice beast freezes you!
* * * LOW HITPOINT WARNING * * *
The ice beast attacks as it pursues you!
The ice beast hits you.
You die...

### ##########.#
...........#
##########.# #.#
######## #.#.########
.......# #.#........#
.......#########@Y[.#
......#
........#.....^.^
......#
≈≈≈≈≈≈≈.#........
#'#...#
..≈≈≈..≈#........
......#
.≈...≈.≈##.......
..##..#
.≈._.≈.≈##....##.
......# .≈...≈.≈#+....+
#.##..# ..≈≈≈..≈##....#
#.##..#.≈≈≈≈≈≈≈.##....#


You could see an ice beast (inner flame).

Vanquished Creatures
  A centaur (D:5)
  2 orc priests
  An iguana (D:5)
  An orc wizard (D:4)
  7 adders
  A shadow imp (D:5)
  2 dart slugs
  A ribbon worm (D:5)
  A ball python (D:2)
  3 bats
  5 endoplasms (D:2)
  7 giant cockroaches
  A goblin (D:3)
  7 hobgoblins
  8 jackals
  5 kobolds
  2 quokkas
  A frilled lizard (D:3)
  2 rats (D:2)
58 creatures vanquished.

Vanquished Creatures (collateral kills)
  A jelly (D:5)
  An iguana (D:4)
  3 adders
  2 dart slugs
  2 orcs
  3 bats (D:1)
  4 endoplasms
  2 giant cockroaches
  2 goblins
  2 hobgoblins
  A jackal (D:2)
  6 kobolds
  3 quokkas
  A ball python (D:1)
  3 frilled lizards
  2 rats (D:1)
38 creatures vanquished.

Grand Total: 96 creatures vanquished

Notes
Turn   | Place    | Note
-------+----------+-------------------------------------------
     0 | D:1      | croobank the Octopode Summoner began the quest for the Orb.
     0 | D:1      | Reached XP level 1. HP: 11/11 MP: 3/3
   152 | D:1      | Reached XP level 2. HP: 15/17 MP: 3/5
   627 | D:1      | Reached XP level 3. HP: 7/22 MP: 2/6
  1044 | D:2      | Learned a level 2 spell: Call Imp
  1053 | D:2      | Learned a level 3 spell: Call Canine Familiar
  1185 | D:2      | Found a shimmering altar of Xom.
  1236 | D:2      | Reached skill level 1 in Fighting
  1602 | D:2      | Reached XP level 4. HP: 25/28 MP: 7/7
  1986 | D:2      | Found a faded altar of an unknown god.
  2595 | D:3      | Reached XP level 5. HP: 28/33 MP: 7/9
  2803 | D:3      | Found the +7 great mace "Firestarter" {flame, immolate,
                  | rFlCloud rF++}
  3518 | D:4      | Found a glowing golden altar of the Shining One.
  3538 | D:4      | Found a staircase to the Ecumenical Temple.
  3557 | Temple   | Entered the Ecumenical Temple
  3611 | Temple   | Became a worshipper of Ashenzari the Shackled
  3639 | D:4      | Reached XP level 6. HP: 26/39 MP: 10/10
  4158 | D:5      | Entered Level 5 of the Dungeon
  4231 | D:5      | Identified the scarf of Dedufora {+Inv, +Blink rN+ Will+}
  4295 | D:5      | Reached skill level 5 in Summonings
  4416 | D:5      | Reached skill level 5 in Stealth
  4431 | D:5      | Learned a level 4 spell: Summon Blazeheart Golem
  4495 | D:5      | Found a stormy altar of Qazlal.
  4506 | D:5      | Reached XP level 7. HP: 45/45 MP: 4/12
  4634 | D:5      | HP: 1/45 [ice beast (10)]
  4635 | D:5      | Slain by an ice beast

Illustrated notes

Levels and vault maps discovered:
D:1:      giann_wishing_wells, layout_basic, minmay_misc_feat_columns, hex_tiny,
          nrook_mini_backslash
D:2:      layout_loops_ring, hellmonk_ecumenical_altar_inner_sanctum,
          basic_altar, minmay_increasing_density
D:3:      layout_loops_ring
D:4:      layout_cave_pods, mainiacjoe_overflow_small_starburst,
          minmay_temple_entry_tees
D:5:      kennysheep_six_static_rooms, layout_basic, xom_teletrap_fun,
          mainiacjoe_overflow_paths
Temple:   nicolae_temple_bog_church

Skill      XL: |  1  2  3  4  5  6 |
---------------+-------------------+-----
Stealth        | 3 4 5 |  5.1
Fighting       | 1 2 |  2.7
Dodging        | 3 |  3.6
Spellcasting   | 3 |  3.3
Summonings     | 5 |  5.1
Maces & Flails | |  0.1
Fire Magic     | |  0.1

Action                     |  1- 3 |  4- 6 |  7- 9 || total
---------------------------+-------+-------+-------++-------
  Melee: Unarmed           |    27 |       |       ||    27
         Constrict         |    14 |    15 |       ||    29
         Tentacles         |    11 |     9 |       ||    20
         Dagger            |    13 |    57 |       ||    70
         Great mace        |       |    23 |     2 ||    25
   Cast: Summon Small Mamm |    28 |    13 |       ||    41
         Call Imp          |     3 |     9 |       ||    12
         Call Canine Famil |     2 |     8 |       ||    10
 Invoke: Curse Item        |       |     1 |       ||     1
    Use: Scroll            |       |     3 |       ||     3
   Stab: Sleeping          |     2 |    16 |     1 ||    19
 Armour: Skin              |    39 |    27 |     4 ||    70
  Dodge: Dodged            |    36 |    54 |       ||    90
